 Dungeon Crawl Stone Soup version 0.22-a0-407-gb098539 (webtiles) character file.

37 12572944 the Skirmisher (level 3, -2/29 HPs)
             Began as a Demonspawn Berserker on May 9, 2018.
             Was a Follower of Trog.
             Slain by a gnoll
             ... wielding a +0 spear of venom
              (8 damage)
             ... on level 2 of the Dungeon.
             The game lasted 00:02:33 (1784 turns).

12572944 the Skirmisher (Demonspawn Berserker)      Turns: 1784, Time: 00:02:33

Health: -2/29      AC:  4    Str: 17    XL:     3   Next: 23%
Magic:  3/3        EV: 13    Int:  8    God:    Trog [*.....]
Gold:   12         SH:  0    Dex: 13    Spells: 2/2 levels left

rFire    + . .     SeeInvis .   a - +1 hand axe
rCold    . . .     Gourm    .   (no shield)
rNeg     . . .     Faith    .   b - +0 animal skin
rPois    .         Spirit   .   (no helmet)
rElec    .         Reflect  .   l - +1 cloak
rCorr    .         Harm     .   (no gloves)
MR       .....                  (no boots)
Stlth    +.........             (no amulet)
HPRegen  0.09/turn              (no ring)
MPRegen  0.08/turn              (no ring)

@: lethally poisoned (-2 -> -31)
A: demonic guardian 1, fire resistance 1
a: Berserk, Renounce Religion


You were on level 2 of the Dungeon.
You worshipped Trog.
Trog was aware of your devotion.
You were not hungry.

You visited 1 branch of the dungeon, and saw 2 of its levels.

You collected 12 gold pieces.

Inventory:

Hand Weapons
 a - a +1 hand axe (weapon)
Missiles
 d - 31 stones (quivered)
Armour
 b - a +0 animal skin (worn)
 l - a +1 cloak (worn)
Scrolls
 h - a scroll of magic mapping
Potions
 e - 2 potions of curing
Comestibles
 c - 3 rations
 f - a chunk of flesh


   Skills:
 + Level 3.2 Fighting
 + Level 3.0 Axes
 + Level 2.1 Armour
 * Level 2.5 Dodging


You had 2 spell levels left.
You didn't know any spells.

Dungeon Overview and Level Annotations

Branches:
Dungeon (2/15)

Altars:
Qazlal


Innate Abilities, Weirdness & Mutations

A weak demonic guardian rushes to your aid.
Your flesh is heat resistant. (rF+)


Message History

The gnoll misses you.
The gnoll hits you with a spear of venom.
You are more poisoned.
The worm bites you.
You hit the gnoll.
The gnoll is moderately wounded.
You hit the worm. You completely miss the worm.
You feel sick.
Your shadow imp hits the gnoll.
The gnoll hits you with a spear of venom.
* * * LOW HITPOINT WARNING * * *
You are more poisoned.
The gnoll closely misses you.
The jackal bites you but does no damage.
The gnoll throws a stone.
The stone hits your shadow imp.
You are too injured to fight recklessly!
* * * LOW HITPOINT WARNING * * *
You feel sick.
Your shadow imp closely misses the gnoll.
The gnoll hits you from afar with a spear of venom!
You die...

.....................>.
###..#..##.............
........##..###### .#<#
..#.##..##..# #
...#.##..##..##
...............
!######..#.....
......?........
..####.@h..#...
#5.w......
.....gwg.......
.....g.....####
###.##..#..# ...
.....$.. ... #...#..###
.. ....##.. #....# .##


You could see 2 worms, 3 gnolls, a jackal and a friendly shadow imp.

Vanquished Creatures
  2 oozes (D:1)
  4 giant cockroaches
  4 goblins (D:1)
  5 hobgoblins
  A jackal (D:2)
  2 bats (D:1)
  4 frilled lizards
  A kobold (D:1)
  4 rats
27 creatures vanquished.

Vanquished Creatures (collateral kills)
  A kobold (D:2)
1 creature vanquished.

Grand Total: 28 creatures vanquished

Notes
Turn   | Place    | Note
-------+----------+-------------------------------------------
     0 | D:1      | 12572944 the Demonspawn Berserker began the quest for the Orb.
     0 | D:1      | Reached XP level 1. HP: 18/18 MP: 1/1
    61 | D:1      | Gained mutation: A weak demonic guardian rushes to your aid. [demonic ancestry]
    61 | D:1      | Reached XP level 2. HP: 3/24 MP: 2/2
  1053 | D:1      | Gained mutation: Your flesh is heat resistant. (rF+) [demonic ancestry]
  1053 | D:1      | Reached XP level 3. HP: 29/29 MP: 3/3
  1677 | D:2      | Found a stormy altar of Qazlal.
  1784 | D:2      | Slain by a gnoll

Vault maps used:
D:1:      dpeg_arrival_shrine
D:2:      nicolae_qazlal_general_emergency, uniq_robin

Skill      XL: |  1  2  3 |
---------------+----------+-----
Dodging        | 2 |  2.5
Armour         | 2 |  2.1
Axes           | 3 |  3.0
Fighting       | |  3.2

Action                   || total
-------------------------++-------
Melee: Hand axe          ||   106
  Use: Scroll            ||     7
       Potion            ||     3
 Stab: Sleeping          ||     2
  Eat: Chunk             ||     3
Armor: Animal skin       ||    19
Dodge: Dodged            ||    64

Table legend:
 A = Spawn XP
 B = Non-spawn XP
 C = Spawn XP percentage of total XP
 D = Spawn monster count
 E = Non-spawn monster count
 F = Spawn count percentage of total count
 G = Total turns spent on level
                    A         B        C        D         E        F      G
               +---------+---------+-------+---------+---------+-------+---------
         Total |       0 |      54 |   0.0 |       0 |      28 |   0.0 |  1784
               +---------+---------+-------+---------+---------+-------+---------
           D:1 |       0 |      42 |   0.0 |       0 |      20 |   0.0 |  1646
           D:2 |       0 |      12 |   0.0 |       0 |       8 |   0.0 |   138
               +---------+---------+-------+---------+---------+-------+---------
